 Dungeon Crawl Stone Soup version 0.18-a0-1570-gf60b0ab (webtiles) character file.

6760 M4edhros the Spear-Bearer (level 11, -10/72 HPs)
             Began as an Octopode Chaos Knight on Mar 14, 2016.
             Killed from afar by a storm dragon (glowing shapeshifter) (35 damage)
             ... with a bolt of lightning
             ... on level 9 of the Dungeon.
             The game lasted 00:39:07 (33798 turns).

M4edhros the Spear-Bearer (Octopode Chaos Knight)  Turns: 33798, Time: 00:39:07

Health: -10/72     AC:  6    Str: 14    XL:     11   Next: 4%
Magic:  11/11      EV: 14    Int: 15    God:    Xom [...*..]
Gold:   2123       SH:  2    Dex: 14    Spells: 0 memorised, 10 levels left

rFire  + . .     SeeInvis .     a - +0 spear (chaos)
rCold  + . .     Gourm    .     (no shield)
rNeg   . . .     Faith    +     (helmet restricted)
rPois  .         Spirit   .     u - amulet of faith (curse)
rElec  .         Dismiss  .     v - -2 ring of dexterity (curse)
rCorr  .         Reflect  .     z - ring of flight (curse)
SustAt .         Harm     .     E - ring of protection from cold
MR     ++...                    (no ring)
Stlth  ++........               (no ring)
                                (no ring)
                                (no ring)
                                (no ring)

@: about to teleport, very resistant to hostile enchantments, unstealthy
A: almost no armour, amphibious, 8 rings, constrict 8, beak, icy blue scales 1,
large bone plates 1, slimy green scales 1, camouflage 1, agile 1, fire
resistance 1, magic resistance 2, slow regeneration 1, strong 1, wild magic 2,
gelatinous body 1
a: Renounce Religion, Evoke Flight


You were on level 9 of the Dungeon.
You worshipped Xom.
You were a favourite toy of Xom.
You were not hungry.

You visited 2 branches of the dungeon, and saw 10 of its levels.

You collected 2123 gold pieces.

Inventory:

Hand Weapons
 a - a +0 spear of chaos (weapon)
 t - a +3 rapier of holy wrath
 y - a +1 hunting sling of flaming
 I - a +1 short sword of protection
Missiles
 l - 299 stones (quivered)
 m - 150 sling bullets
 B - 3 poisoned javelins
 D - 10 exploding sling bullets
Jewellery
 u - a cursed amulet of faith (around mantle)
 v - a cursed -2 ring of dexterity (left tentacle)
 z - a cursed ring of flight (right tentacle)
 E - a ring of protection from cold (on tentacle)
Wands
 f - a wand of digging (13/24)
 g - a wand of disintegration (17/24)
 n - a wand of heal wounds (6/9)
 J - a wand of lightning (8/15)
Scrolls
 c - 2 scrolls of enchant armour
 d - a scroll of identify
 e - 5 scrolls of remove curse
 h - 4 scrolls of teleportation
 i - 3 scrolls of fog
 j - a scroll of noise
 o - 2 scrolls of magic mapping
 p - a scroll of recharging
 s - 2 scrolls of fear
 H - a scroll of silence
Potions
 b - a potion of might
 k - 2 potions of flight
 x - 3 potions of brilliance
 A - a potion of lignification {unknown}
 F - a potion of cancellation {unknown}
Books
 r - a book of the Sky

   Spells                             Type                      Level
   a - Summon Lightning Spire         Summoning/Air                4
   b - Airstrike                      Air                          4
   c - Silence                        Hexes/Air                    5
   d - Deflect Missiles               Charms/Air                   6
   e - Conjure Ball Lightning         Conjuration/Air              6
   f - Tornado                        Air                          9
Miscellaneous
 q - a fan of gales (inert)
Comestibles
 w - 4 chunks of flesh
 C - a fruit


   Skills:
 - Level 6.2 Fighting
 - Level 11.6 Polearms
 - Level 10.0 Slings
 + Level 4.1 Dodging


You had 10 spell levels left.
You didn't know any spells.

Dungeon Overview and Level Annotations

Branches:
Dungeon (9/15)             Temple (1/1) D:6            Lair (0/8) D:9
    Orc (0/2) D:9

Altars:
Ashenzari
Cheibriados
Dithmenos
Elyvilon
Fedhas
Gozag
Kikubaaqudgha
Makhleb
Nemelex Xobeh
Okawaru
Qazlal
Ru
Sif Muna
Trog
Vehumet
Xom
Zin
The Shining One
Beogh

Shops:
D:4 (   D:7 :


Innate Abilities, Weirdness & Mutations

You cannot wear most types of armour.
You are amphibious.
You can wear up to eight rings at the same time.
You can use your tentacles to constrict eight enemies at once.
Your skin changes colour to match your surroundings (Stealth).
Your rubbery body absorbs attacks (AC +1).
You have a beak for a mouth.
You are partially covered in icy blue scales (AC +1).
You are partially covered in large bone plates (AC +2, SH +2).
You are partially covered in slimy green scales (AC +2).
You are agile. (Dex +2)
Your flesh is heat resistant.
You are highly resistant to hostile enchantments.
You regenerate slowly when monsters are visible.
Your muscles are strong. (Str +2)
Your spells are harder to cast, but more powerful.


Message History

Xom's power touches on a nearby monster.
The death yak is moving more slowly.
The death yak stops moving altogether!
The death yak is no longer petrified.
The death yak seems less confused.
Xom's power touches on a nearby monster.
The death yak changes into a storm dragon!
The storm dragon breathes lightning at you.
The bolt of lightning hits you!
Drink which item? (? for menu, Esc to quit)
Okay, then.
Read which item? (? for menu, Esc to quit)
Okay, then.
Read which item? (? for menu, Esc to quit)
As you read the scroll of teleportation, it crumbles to dust.
You feel strangely unstable.
The storm dragon breathes lightning at you.
The bolt of lightning hits you!
You die...
Xom chuckles heartily!

#.......# #........§
#.......####........§
#........>..........§
#.....#############..
###..#..#...........###
###..#..#..............
###..#.D#......(.......
###..#..#.....##'#####.
###..#@.#))...##....##.
###.....#'######....##(
###.....#(....##.....(.
###.....#.....##<......
###.###.#.....##.......
###.###.#.....##.......
###.....'.....##......(
###.......##########'##
###....8.......#####...


You could see a storm dragon shaped shifter.

Vanquished Creatures
  Joseph (D:9)
  A troll (D:9)
  A two-headed ogre (D:8)
  A spriggan (D:7)
  A basilisk (D:7)
  A yak (D:9)
  A hippogriff (D:7)
  A hungry ghost (D:7)
  A soldier ant (D:7)
  2 porcupines (D:9)
  2 sky beasts (D:7)
  3 orc warriors
  2 phantoms
  2 ogres
  A wolf (shapeshifter) (D:9)
  A tengu (D:7)
  8 centaurs
  7 giant frogs
  3 scorpions
  7 killer bees
  7 wights
  7 howler monkeys
  A jelly (D:7)
  An electric eel (D:6)
  A crimson imp (D:7)
  6 hounds
  14 orc priests
  A giant frog zombie (D:6)
  4 iguanas
  10 orc wizards
  A giant frog skeleton (D:7)
  3 worker ants
  A hell rat (D:9)
  A killer bee zombie (D:5)
  A hound zombie (D:6)
  A hound skeleton (D:5)
  A worker ant zombie (D:7)
  14 adders
  6 gnolls
  3 river rats
  2 shadow imps
  An ooze (D:1)
  An adder skeleton (D:9)
  2 worms
  A dart slug (D:1)
  9 giant geckos
  35 orcs
  A ball python (D:3)
  3 bats
  7 giant cockroaches
  12 goblins
  8 hobgoblins
  14 jackals
  A quokka (D:3)
  A giant gecko skeleton (D:5)
  A giant gecko zombie (D:7)
  5 giant newts
  11 kobolds
  A quokka skeleton (D:4)
  7 rats
254 creatures vanquished.

Vanquished Creatures (collateral kills)
  A yak (D:9)
  The ghost of namnharef the Ruffian, an amateur DDMo of Makhleb (D:3)
  An orc warrior (D:7)
  A giant frog (D:8)
  A giant frog skeleton (D:7)
  A hound (D:8)
  2 orc wizards (D:7)
  An iguana (D:7)
  5 orcs
  A jackal (D:5)
  A rat (D:3)
16 creatures vanquished.

Vanquished Creatures (others)
  A gnoll (D:5)
1 creature vanquished.

Grand Total: 271 creatures vanquished

Notes
Turn   | Place    | Note
--------------------------------------------------------------
     0 | D:1      | M4edhros the Octopode Chaos Knight began the quest for the Orb.
     0 | D:1      | Reached XP level 1. HP: 16/16 MP: 1/1
   117 | D:1      | Reached XP level 2. HP: 21/21 MP: 2/2
   496 | D:1      | XOM: harmless Air miscast
   549 | D:1      | Reached skill level 4 in Polearms
   628 | D:1      | Reached XP level 3. HP: 22/26 MP: 3/3
  1092 | D:2      | Found a bloodstained altar of Trog.
  1284 | D:2      | XOM: colour smoke trail
  1484 | D:2      | Reached XP level 4. HP: 28/31 MP: 4/4
  1576 | D:2      | XOM: harmless Hex miscast
  1668 | D:2      | XOM: harmless Hex miscast
  1814 | D:2      | XOM: silly message
  1937 | D:2      | Found a glowing silver altar of Zin.
  1939 | D:2      | Found an opulent altar of Gozag.
  1942 | D:2      | XOM: medium Chrm miscast
  2079 | D:2      | XOM: scenery: create altars
  2748 | D:3      | Noticed namnharef's ghost (amateur DDMo)
  2751 | D:3      | Reached skill level 5 in Polearms
  2753 | D:3      | XOM: noise
  2811 | D:2      | XOM: vitrification
  3148 | D:3      | XOM: vitrification
  3149 | D:3      | XOM: 1-stop teleportation journey
  3244 | D:3      | Found a sparkling altar of Nemelex Xobeh.
  3605 | D:3      | XOM: 1-stop teleportation journey
  3672 | D:3      | XOM: god gift: potion of degeneration
  3700 | D:3      | XOM: enchant monster (good)
  3703 | D:3      | XOM: harmless Chrm miscast
  3716 | D:3      | XOM: confusion (+ monsters)
  3740 | D:3      | XOM: silly message
  3934 | D:3      | XOM: summons friendly crimson imp
  3936 | D:3      | XOM: enchant monster (good)
  3940 | D:3      | XOM: confusion
  3943 | D:3      | XOM: polymorph crimson imp -> white imp
  3950 | D:3      | XOM: noise
  3956 | D:3      | Found a faded altar to an unknown god.
  3960 | D:3      | XOM: polymorph orc -> river rat
  3967 | D:3      | XOM: enchant monster (good)
  3969 | D:3      | Reached XP level 5. HP: 17/36 MP: 5/5
  3972 | D:3      | XOM: 7-stop teleportation journey
  3992 | D:3      | XOM: medium Erth miscast
  4199 | D:3      | XOM: confusion (+ monsters)
  4204 | D:3      | XOM: summons 5 friendly demons
  4227 | D:3      | Killed namnharef's ghost
  4227 | D:3      | Reached skill level 6 in Polearms
  4282 | D:3      | XOM: medium Fire miscast
  4479 | D:3      | Found a snail-covered altar of Cheibriados.
  4479 | D:3      | Found a white marble altar of Elyvilon.
  4481 | D:3      | Found an iron altar of Okawaru.
  4484 | D:3      | Found a deep blue altar of Sif Muna.
  4485 | D:3      | Found a shadowy altar of Dithmenos.
  4641 | D:4      | XOM: blink monster(s)
  4643 | D:4      | XOM: mild Conj miscast
  4646 | D:4      | Reached XP level 6. HP: 31/42 MP: 6/6
  4647 | D:4      | XOM: enchant monster (bad)
  4847 | D:4      | XOM: god gift: leather armour {god gift}
  4848 | D:4      | Reached skill level 7 in Polearms
  4850 | D:4      | XOM: enchant monster (good)
  4892 | D:4      | XOM: polymorph scorpion -> worm
  5019 | D:3      | XOM: summons friendly ufetubus
  5126 | D:3      | XOM: vitrification
  5458 | D:4      | Found an ancient bone altar of Kikubaaqudgha.
  5459 | D:4      | Found a blossoming altar of Fedhas.
  5560 | D:4      | XOM: divination: detect items
  5634 | D:4      | XOM: god gift: 510 gold pieces
  5803 | D:4      | XOM: give mutations
  5803 | D:4      | Gained mutation: You can translocate small distances at will. [Xom's grace]
  5803 | D:4      | Gained mutation: You have very sharp teeth. [Xom's grace]
  5803 | D:4      | Gained mutation: Your flesh is cold resistant. [Xom's grace]
  5849 | D:4      | XOM: medium Trmt miscast
  5857 | D:4      | XOM: mild Necr miscast
  5873 | D:4      | Gained mutation: Your body sometimes deteriorates upon taking damage. [mutagenic glow]
  5948 | D:4      | XOM: god gift: scythe {god gift}
  5982 | D:4      | Found Ahiben's Weapon Emporium.
  6045 | D:4      | Noticed a two-headed ogre
  6045 | D:4      | XOM: summons 4 friendly demons
  6053 | D:4      | XOM: confuse monster(s)
  6138 | D:4      | Reached skill level 1 in Slings
  6138 | D:4      | Reached XP level 7. HP: 46/46 MP: 7/7
  6148 | D:4      | XOM: polymorph orc -> giant newt
  6190 | D:5      | Entered Level 5 of the Dungeon
  6282 | D:5      | XOM: summons 4 friendly demons
  6288 | D:5      | XOM: give mutations
  6288 | D:5      | Gained mutation: You are robust (+10% HP). [Xom's grace]
  6288 | D:5      | Gained mutation: You are agile. (Dex +2) [Xom's grace]
  6948 | D:5      | XOM: colour smoke trail
  7074 | D:5      | Found a shattered altar of Ashenzari.
  7085 | D:5      | XOM: cast spell 'Ice Form'
  7216 | D:5      | Reached skill level 8 in Polearms
  7324 | D:5      | XOM: god gift: shiny ring mail {god gift}
  7465 | D:5      | XOM: confuse monster(s)
  7497 | D:5      | XOM: mild Conj miscast
  7623 | D:6      | XOM: blink monster(s)
  7632 | D:6      | Reached XP level 8. HP: 27/57 MP: 8/8
  7814 | D:6      | XOM: harmless Trmt miscast
  7935 | D:6      | Reached skill level 5 in Slings
  8063 | D:6      | XOM: 4-stop teleportation journey
  8113 | D:6      | XOM: harmless Ice miscast
  8512 | D:6      | XOM: god gift: granite ring {god gift}
  8572 | D:6      | XOM: fog
  8612 | D:6      | XOM: enchant monster (good)
  8627 | D:6      | XOM: god gift: 3 poisoned javelins
  8628 | D:6      | XOM: divination: detect creatures
  8727 | D:6      | Found a blossoming altar of Fedhas.
  9086 | D:6      | Found a staircase to the Ecumenical Temple.
  9141 | Temple   | Entered the Ecumenical Temple
  9258 | Temple   | XOM: give mutations
  9258 | Temple   | Gained mutation: You are partially covered in icy blue scales (AC +1). [Xom's grace]
  9258 | Temple   | Gained mutation: You are resistant to hostile enchantments. [Xom's grace]
  9262 | Temple   | XOM: god gift: 10 exploding sling bullets
  9656 | Temple   | XOM: 1-stop teleportation journey
  9701 | Temple   | XOM: cast spell 'Statue Form'
  9705 | Temple   | XOM: vitrification
  9771 | Temple   | XOM: 1-stop teleportation journey
  9806 | Temple   | XOM: silly message
  9869 | Temple   | XOM: 2-stop teleportation journey
  9880 | Temple   | XOM: cast spell 'Hydra Form'
  9910 | Temple   | XOM: god gift: 24 stones
  9971 | Temple   | XOM: mild Erth miscast
 10331 | Temple   | XOM: vitrification
 10438 | Temple   | XOM: cast spell 'Ice Form'
 10890 | Temple   | XOM: god gift: curved fluorescent wand {god gift}
 10953 | Temple   | XOM: colour smoke trail
 10976 | Temple   | XOM: 2-stop teleportation journey
 11197 | Temple   | XOM: give mutations
 11197 | Temple   | Gained mutation: You have supernaturally acute eyesight. [Xom's grace]
 11197 | Temple   | Gained mutation: You are very robust (+20% HP). [Xom's grace]
 11197 | Temple   | Gained mutation: You have a pair of small antennae on your head. [Xom's grace]
 11548 | Temple   | XOM: harmless Erth miscast
 12315 | Temple   | XOM: give mutation
 12315 | Temple   | Gained mutation: You evolve. [Xom's grace]
 12554 | Temple   | XOM: 3-stop teleportation journey
 12637 | Temple   | XOM: god gift: silver wand {god gift}
 12753 | Temple   | XOM: god gift: crooked wooden wand {god gift}
 12978 | Temple   | XOM is BORED!
 12978 | Temple   | XOM: torment (32/62 hp)
 13061 | Temple   | XOM: 1-stop teleportation journey
 13149 | Temple   | Lost mutation: Your body sometimes deteriorates upon taking damage. [evolution]
 13181 | Temple   | XOM: give mutations
 13181 | Temple   | Gained mutation: Your flesh is very cold resistant. [Xom's grace]
 13181 | Temple   | Gained mutation: You are partially covered in large bone plates (AC +2, SH +2). [Xom's grace]
 13181 | Temple   | Gained mutation: One of your tentacles bears a spike. [Xom's grace]
 13188 | Temple   | XOM: 2-stop teleportation journey
 13444 | Temple   | XOM: noise
 13740 | Temple   | XOM: torment (32/62 hp)
 14123 | Temple   | XOM: god gift: scroll labeled GIRADE LIUNT
 14562 | Temple   | XOM: god gift: fan of gales
 14693 | Temple   | XOM: god gift: golden ring {god gift}
 14843 | Temple   | XOM: colour smoke trail
 14938 | Temple   | XOM: severe Necr miscast
 15130 | Temple   | XOM: give mutations
 15130 | Temple   | Lost mutation: Your flesh is very cold resistant. [Xom's mischief]
 15130 | Temple   | Gained mutation: You are dopey. (Int -2) [Xom's mischief]
 15130 | Temple   | Lost mutation: You can translocate small distances at will. [Xom's mischief]
 15180 | Temple   | XOM: harmless Fire miscast
 15215 | Temple   | XOM is BORED!
 15215 | Temple   | XOM: mild Conj miscast
 15266 | Temple   | XOM: mild Hex miscast
 15281 | Temple   | XOM: medium Hex miscast
 15438 | Temple   | XOM: 3-stop teleportation journey
 15455 | Temple   | XOM: god gift: slice of pizza
 15498 | Temple   | XOM: 3-stop teleportation journey
 15727 | Temple   | XOM: cast spell 'Hydra Form'
 15899 | Temple   | XOM: god gift: ring mail {god gift}
 16018 | Temple   | XOM is BORED!
 16018 | Temple   | XOM: medium Summ miscast
 16135 | D:7      | Found Rokkis's Book Shoppe.
 16161 | D:7      | Reached skill level 9 in Polearms
 16165 | D:7      | XOM: silly message
 16269 | D:7      | XOM: summons friendly quasit
 16276 | D:7      | XOM: chaos upgrade
 16527 | D:7      | XOM: medium Divn miscast
 16601 | D:7      | XOM: confuse monster(s)
 16607 | D:7      | Reached XP level 9. HP: 67/67 MP: 9/9
 16641 | D:7      | Lost mutation: You are very robust (+20% HP). [mutagenic meat]
 16642 | D:7      | Gained mutation: You are partially covered in slimy green scales (AC +2). [mutagenic meat]
 17270 | D:7      | XOM: harmless Hex miscast
 17454 | D:7      | XOM: smoke on damage
 17521 | D:7      | XOM: cast spell 'Monstrous Menagerie'
 17575 | D:7      | Reached skill level 10 in Polearms
 17622 | D:7      | Lost mutation: You are dopey. (Int -2) [mutagenic meat]
 17643 | D:7      | XOM: silly message
 17776 | D:7      | XOM: enchant monster (bad)
 17789 | D:7      | XOM: noise
 17915 | D:7      | XOM: noise
 18066 | D:7      | XOM: colour smoke trail
 18129 | D:7      | XOM: silly message
 18136 | D:7      | XOM: medium Ice miscast
 18155 | D:7      | XOM: noise
 18162 | D:7      | Reached XP level 10. HP: 53/69 MP: 10/10
 18286 | D:7      | XOM: summons 2 friendly demons
 18395 | D:7      | XOM: noise
 18499 | D:7      | XOM: noise
 18771 | D:7      | XOM: harmless Trmt miscast
 18871 | D:7      | XOM: cast spell 'Dragon Form'
 18874 | D:7      | Lost mutation: You have supernaturally acute eyesight. [mutagenic meat]
 18875 | D:7      | Lost mutation: One of your tentacles bears a spike. [mutagenic meat]
 18876 | D:7      | Gained mutation: You are highly resistant to hostile enchantments. [mutagenic meat]
 18877 | D:7      | Lost mutation: You are agile. (Dex +2) [mutagenic meat]
 18878 | D:7      | Gained mutation: You rapidly evolve. [mutagenic meat]
 18902 | D:7      | XOM: mild Chrm miscast
 19177 | D:7      | XOM: noise
 19251 | D:7      | XOM: noise
 19350 | D:7      | XOM: mild Ice miscast
 19356 | D:7      | XOM: medium Summ miscast
 19357 | D:7      | Noticed a soul eater
 19369 | D:8      | Reached skill level 10 in Slings
 19428 | D:8      | XOM: cast spell 'Chain of Chaos'
 19457 | D:8      | XOM: 2-stop teleportation journey
 19461 | D:8      | XOM: noise
 19479 | D:8      | XOM: stat loss: -1 Int (14/15)
 19872 | D:7      | XOM: mild Divn miscast
 19917 | D:8      | XOM: potion effect (heal wounds)
 19991 | D:8      | XOM: divination: detect items
 20023 | D:8      | XOM: cast spell 'Confusing Touch'
 20030 | D:7      | XOM: smoke on damage
 20512 | Temple   | XOM: harmless Tloc miscast
 21008 | Temple   | XOM: give mutations
 21008 | Temple   | Lost mutation: Your flesh is cold resistant. [Xom's mischief]
 21008 | Temple   | Lost mutation: You are robust (+10% HP). [Xom's mischief]
 21289 | Temple   | XOM: give mutation
 21289 | Temple   | Gained mutation: Your spells are a little harder to cast, but a little more powerful. [Xom's mischief]
 21309 | Temple   | XOM: give mutations
 21309 | Temple   | Gained mutation: Your system is resistant to poisons. [Xom's grace]
 21309 | Temple   | Gained mutation: Your muscles are strong. (Str +2) [Xom's grace]
 21309 | Temple   | Gained mutation: Your mind is acute. (Int +2) [Xom's grace]
 21309 | Temple   | Lost mutation: You rapidly evolve. [Xom's grace]
 21309 | Temple   | Lost mutation: You evolve. [Xom's grace]
 21309 | Temple   | Gained mutation: You are somewhat resistant to further mutation. [Xom's grace]
 21518 | Temple   | XOM: medium Conj miscast
 21764 | Temple   | XOM: mild Ice miscast
 21797 | Temple   | XOM: harmless Necr miscast
 21807 | Temple   | XOM: harmless Necr miscast
 21874 | Temple   | XOM: colour smoke trail
 22214 | Temple   | XOM: god gift: scroll labeled NAORYVE SAMUILUAF
 23283 | Temple   | XOM: summons 2 hostile demons
 23543 | Temple   | XOM: harmless Necr miscast
 23887 | Temple   | XOM: god gift: 1200 gold pieces
 24408 | Temple   | XOM: colour smoke trail
 24836 | Temple   | XOM is BORED!
 24836 | Temple   | XOM: draining
 24873 | Temple   | XOM: harmless Summ miscast
 24967 | Temple   | XOM: medium Pois miscast
 25148 | Temple   | XOM: silly message
 25237 | Temple   | XOM: cast spell 'Ice Form'
 25354 | Temple   | XOM: harmless Tloc miscast
 25566 | Temple   | XOM: mild Pois miscast
 25602 | Temple   | XOM: harmless Erth miscast
 25690 | Temple   | XOM: mild Chrm miscast
 25948 | Temple   | XOM: give mutations
 25948 | Temple   | Gained mutation: Your muscles are very strong. (Str +4) [Xom's mischief]
 25948 | Temple   | Lost mutation: Your system is resistant to poisons. [Xom's mischief]
 26289 | Temple   | XOM is BORED!
 26289 | Temple   | XOM: mild Erth miscast
 26629 | Temple   | XOM: vitrification
 26777 | Temple   | XOM: vitrification
 28145 | Temple   | XOM: 7-stop teleportation journey
 28204 | Temple   | XOM is BORED!
 28204 | Temple   | XOM: mild Trmt miscast
 28285 | Temple   | XOM: scenery: create altars
 28495 | Temple   | XOM: god gift: 62 gold pieces
 28556 | Temple   | XOM: harmless Summ miscast
 29508 | Temple   | XOM: colour smoke trail
 30067 | D:8      | XOM: medium Pois miscast
 30245 | D:8      | XOM: noise
 30279 | D:8      | Reached skill level 11 in Polearms
 30520 | D:8      | XOM: stat loss: -1 Int (16/17)
 30526 | D:8      | XOM: mild Air miscast
 30527 | D:8      | XOM: chaos upgrade
 30531 | D:8      | XOM: repel stairs
 30540 | D:8      | XOM: mild Air miscast
 30554 | D:8      | Reached skill level 5 in Fighting
 31293 | D:9      | Found a roughly hewn altar of Beogh.
 31293 | D:9      | XOM: vitrification
 31303 | D:9      | XOM: swap monsters
 31423 | D:9      | Found a staircase to the Orcish Mines.
 31438 | D:9      | XOM: polymorph troll -> troll
 31523 | D:9      | XOM: give mutations
 31523 | D:9      | Lost mutation: You have very sharp teeth. [Xom's grace]
 31523 | D:9      | Gained mutation: You have a beak for a mouth. [Xom's grace]
 31523 | D:9      | Gained mutation: Your natural rate of healing is unusually fast. [Xom's grace]
 31616 | D:9      | XOM: polymorph ice beast -> wolf
 31617 | D:9      | XOM: summons friendly quasit
 32269 | D:9      | Noticed Joseph
 32288 | D:9      | Killed Joseph
 32409 | D:9      | XOM: god gift: glowing rapier {god gift}
 32889 | D:9      | XOM: mild Chrm miscast
 32901 | D:9      | XOM: 1-stop teleportation journey
 32905 | D:9      | XOM: give mutations
 32905 | D:9      | Gained mutation: Your flesh is heat resistant. [Xom's grace]
 32905 | D:9      | Gained mutation: Your spells are harder to cast, but more powerful. [Xom's grace]
 32905 | D:9      | Gained mutation: You are agile. (Dex +2) [Xom's grace]
 32905 | D:9      | Gained mutation: Your spells are much harder to cast, but much more powerful. [Xom's grace]
 32947 | D:9      | XOM: give mutations
 32947 | D:9      | Lost mutation: Your mind is acute. (Int +2) [Xom's mischief]
 32947 | D:9      | Lost mutation: You are somewhat resistant to further mutation. [Xom's mischief]
 32947 | D:9      | Lost mutation: Your muscles are very strong. (Str +4) [Xom's mischief]
 32976 | D:9      | XOM: noise
 33009 | D:9      | Noticed a death yak
 33009 | D:9      | Found a staircase to the Lair.
 33033 | D:9      | Reached XP level 11. HP: 63/72 MP: 11/11
 33037 | D:9      | XOM: give mutations
 33037 | D:9      | Lost mutation: Your spells are much harder to cast, but much more powerful. [Xom's mischief]
 33037 | D:9      | Lost mutation: Your natural rate of healing is unusually fast. [Xom's mischief]
 33037 | D:9      | Gained mutation: You regenerate slowly when monsters are visible. [Xom's mischief]
 33037 | D:9      | Lost mutation: You have a pair of small antennae on your head. [Xom's mischief]
 33049 | D:9      | XOM: divination: magic mapping
 33057 | D:9      | XOM: summons friendly white imp
 33079 | D:9      | XOM: summons 11 friendly demons
 33224 | D:9      | XOM: summons friendly shadow imp
 33253 | D:9      | XOM: enchant monster (bad)
 33257 | D:9      | XOM: blink monster(s)
 33274 | D:9      | XOM: harmless Fire miscast
 33277 | D:9      | XOM: cast spell 'Summon Mana Viper'
 33290 | D:9      | XOM: mild Tloc miscast
 33295 | D:9      | XOM: medium Necr miscast
 33317 | D:9      | XOM: smoke on damage
 33320 | D:9      | XOM: noise
 33326 | D:9      | XOM: chaos upgrade
 33327 | D:9      | XOM: confusion (+ monsters)
 33336 | D:9      | XOM: confuse monster(s)
 33338 | D:9      | XOM: enchant monster (bad)
 33362 | D:9      | XOM: silly message
 33388 | D:9      | XOM: harmless Air miscast
 33412 | D:9      | XOM: confuse monster(s)
 33445 | D:9      | XOM: mild Erth miscast
 33466 | D:9      | XOM: cast spell 'Cause Fear'
 33470 | D:9      | XOM: potion effect (berserk rage)
 33472 | D:9      | XOM: cast spell 'Warp Weapon'
 33562 | D:9      | XOM: cast spell 'Olgreb's Toxic Radiance'
 33563 | D:9      | XOM: mild Trmt miscast
 33565 | D:9      | XOM: harmless Summ miscast
 33566 | D:9      | XOM: noise
 33576 | D:9      | XOM: summons 6 friendly demons
 33580 | D:9      | XOM: mild Summ miscast
 33587 | D:9      | XOM: mild Ice miscast
 33599 | D:9      | XOM: fake destruction
 33617 | D:9      | XOM: summons 11 friendly demons
 33730 | D:9      | XOM: enchant monster (good)
 33751 | D:9      | XOM: fog
 33768 | D:9      | XOM: confuse monster(s)
 33770 | D:9      | XOM: confusion (+ monsters)
 33780 | D:9      | XOM: enchant monster (good)
 33795 | D:9      | Noticed a storm dragon
 33795 | D:9      | a death yak changed into a storm dragon
 33795 | D:9      | XOM: polymorph death yak -> storm dragon
 33798 | D:9      | Killed from afar by a storm dragon (glowing shapeshifter)

Vault maps used:
D:1:      wheals_arrival_linesprint
D:2:      grunt_temple_overflow_gold_and_silver, nicolae_overflow_hidden_temple,
          first_bread, uniq_crazy_yiuf_cottage
D:3:      marbit_many_paths, minitemple, ecumenical_altar_2, grunt_ministairs_15
D:4:      grunt_temple_overflow_growth_and_decay, serial_shops,
          nicolae_shop_trees
D:5:      kennysheep_mini, minmay_misc_feat_rows
D:6:      minmay_temple_entry_fiery, hangedman_abyss_or_decor_stabs,
          minivault_14, fedhas_altar_4
D:7:      wad_river_or_something, serial_shops, shop, the_bakery,
          small_statue_alley_b
D:9:      dpeg_lair_monsters, orc_0_dummy, david_defended_altar_orc,
          uniq_erolcha, uniq_joseph
Temple:   hc_temple_tempest_star_small

Skill      XL: |  1  2  3  4  5  6  7  8  9 10 11 |
---------------+----------------------------------+-----
Polearms       | 4 5 6 7 8 9 10 11 | 11.6
Slings         | 1 4 7 9 10 | 10.0
Fighting       | 6 |  6.2
Dodging        | 3 4 |  4.1

Action                   |  1- 3 |  4- 6 |  7- 9 | 10-12 || total
-------------------------+-------+-------+-------+-------++-------
Melee: Spear             |   114 |   125 |   384 |   355 ||   978
       Unarmed           |       |       |     3 |     3 ||     6
       Short sword       |       |       |       |     2 ||     2
Evoke: Wand              |       |       |     1 |    12 ||    13
       Fan of gales      |       |       |       |     1 ||     1
  Use: Potion            |       |     4 |    10 |     1 ||    15
       Scroll            |       |       |     2 |    15 ||    17
 Stab: Sleeping          |     7 |     3 |     9 |     3 ||    22
       Distracted        |     1 |     1 |       |     2 ||     4
       Paralysed         |       |     4 |     5 |     1 ||    10
       Confused          |       |       |     4 |       ||     4
       Invisible         |       |       |     6 |     6 ||    12
       Petrified         |       |       |       |     2 ||     2
       Petrifying        |       |       |       |     1 ||     1
  Eat: Chunk             |     2 |    12 |    22 |    26 ||    62
       Beef jerky        |       |     1 |     1 |     1 ||     3
       Bread ration      |       |       |     2 |     5 ||     7
       Pizza             |       |       |     2 |     1 ||     3
       Meat ration       |       |       |     1 |       ||     1
       Royal jelly       |       |       |     1 |       ||     1
       Fruit             |       |       |       |     5 ||     5
